 Dungeon Crawl Stone Soup version 0.31-a0-841-g038b102fc3 (webtiles) character file.

Game seed: 6943765386850659669

47 Kurtz the Chopper (level 3, -1/26 HPs)
             Began as an Octopode Fighter on Sept 27, 2023.
             Slain by a goblin
             ... wielding a +0 club
              (4 damage)
             ... on level 2 of the Dungeon.
             The game lasted 00:00:41 (1152 turns).

Kurtz the Chopper (Octopode Fighter)                Turns: 1152, Time: 00:00:42

Health: -1/26      AC:  1    Str: 17    XL:     3   Next: 70%
Magic:  3/3        EV: 13    Int: 10    God:
Gold:   36         SH:  4    Dex: 11    Spells: 2/2 levels left

rFire   . . .        a - +0 war axe
rCold   . . .        b - +0 buckler
rNeg    . . .        (helmet restricted)
rPois   .            (no amulet)
rElec   .            (no ring)
rCorr   .            (no ring)
SInv    .            (no ring)
Will    .....        (no ring)
Stlth   ++           (no ring)
HPRegen 0.24/turn    (no ring)
MPRegen 0.08/turn    (no ring)
                     (no ring)

%: no passive effects
@: no status effects
A: almost no armour, amphibious, 8 rings, camouflage 1, gelatinous body 1,
(nimble swimmer 1), tentacles
a: no special abilities


You were on level 2 of the Dungeon.
You visited 1 branch of the dungeon, and saw 2 of its levels.

You collected 36 gold pieces.

Inventory:

Hand Weapons
 a - a +0 war axe (weapon)
Armour
 b - a +0 buckler (worn)
Scrolls
 g - a scroll of silence {unknown}
 i - a scroll of fear {unknown}
 j - a scroll of teleportation {unknown}
 k - a scroll of immolation {unknown}
 l - a scroll of fog {unknown}
Potions
 c - a potion of might
 d - a potion of mutation {unknown}
 e - a potion of cancellation {unknown}
 f - a potion of ambrosia {unknown}
 h - a potion of attraction {unknown}


   Skills:
 - Level 3.0 Fighting
 * Level 3.9 Axes
 - Level 3.0 Dodging
 - Level 3.0 Shields


You had 2 spell levels left.
You didn't know any spells.
Your spell library contained the following spells:

 Spells                   Type           Power      Damage    Failure   Level
 Ensorcelled Hibernation  Hex/Ice        0%         N/A       58%         2
 Passwall                 Tmut/Erth      0%         N/A       58%         2
 Swiftness                Air            0%         N/A       82%         3


Dungeon Overview and Level Annotations

Branches:
Dungeon (2/15)

Altars:


Innate Abilities, Weirdness & Mutations

You cannot wear most types of armour.
You are amphibious.
You can wear up to eight rings at the same time.
Your skin changes colour to match your surroundings (Stealth+).
Your rubbery body absorbs attacks. (AC +1, EV +1)
((You are camouflaged when in or above water. (Stealth+)))
You have tentacles for arms and can constrict up to eight enemies at once.


Message History

You are poisoned.
The adder poisons you!
You closely miss the adder. Your grab misses the adder.
You hit the goblin but do no damage.
You feel sick. The adder barely misses you. The goblin barely misses you.
The adder bites you.
There are monsters nearby!
You closely miss the adder. Your grab misses the adder.
You closely miss the goblin.
You feel sick. The goblin hits you with a +0 club. The adder barely misses you.
The goblin barely misses you.
There are monsters nearby!
You closely miss the adder. Your grab misses the adder.
Your squeeze misses the adder. You hit the goblin.
You feel sick. The adder bites you. The adder barely misses you.
The goblin barely misses you.
There are monsters nearby!
You are too injured to fight recklessly!
Unknown command.
There are monsters nearby!
You are too injured to fight recklessly!
Unknown command.
You are too injured to fight recklessly!
You are too injured to fight recklessly!
Unknown command.
You are too injured to fight recklessly!
Okay, then.
You barely miss the adder. Your grab misses the adder. You hit the hobgoblin.
You closely miss the goblin.
You feel sick.
You are no longer poisoned.
The adder closely misses you. The hobgoblin barely misses you.
The goblin hits you with a +0 club. The adder bites you.
* * * LOW HITPOINT WARNING * * *
Unknown command.
You closely miss the hobgoblin. Your grab misses the hobgoblin.
The hobgoblin is severely wounded.
You closely miss the adder. You slash the kobold!
You kill the kobold!
You barely miss the goblin. The hobgoblin closely misses you.
You block the goblin's attack. The adder bites you.
* * * LOW HITPOINT WARNING * * *
The goblin hits you with a +0 club.
You die...

....... #..........#
#..........#
#..........#
#..........###
#............######
#..................
######)..........†......
......g@..?.............
......Sg##########......
........##........).....
.....#####.#######......
..... #.#..<# #...)..
.... #.#...# #...... ...
#.....# #...... ...
###...# ###...# #...#
.....


You could see an adder, a hobgoblin and a goblin.

Vanquished Creatures
  A dart slug (D:1)
  6 ball pythons
  A bat (D:1)
  6 endoplasms (D:1)
  A giant cockroach (D:2)
  4 goblins
  7 hobgoblins (D:1)
  4 kobolds
  4 quokkas (D:1)
  2 frilled lizards (D:1)
  2 rats (D:1)
38 creatures vanquished.

Notes
Turn   | Place    | Note
-------+----------+-------------------------------------------
     0 | D:1      | Kurtz the Octopode Fighter began the quest for the Orb.
     0 | D:1      | Reached XP level 1. HP: 16/16 MP: 1/1
   200 | D:1      | Reached XP level 2. HP: 11/21 MP: 2/2
   547 | D:1      | Reached XP level 3. HP: 23/26 MP: 3/3
  1152 | D:2      | Slain by a goblin

Illustrated notes

Levels and vault maps discovered:
D:1:      nagdon_arrival_double_spiral, layout_basic, hangedman_decor_opposing,
          minmay_misc_feat_rugged, minmay_misc_feat_more_columns,
          hangedman_decor_clover_reticule
D:2:      layout_basic

Skill      XL: |  1  2 |
---------------+-------+-----
Axes           | 3 |  3.9
Fighting       | |  3.0
Dodging        | |  3.0
Shields        | |  3.0

Action                     || total
---------------------------++-------
  Melee: War axe           ||    75
         Tentacles         ||    17
         Constrict         ||    17
   Stab: Sleeping          ||     7
         Distracted        ||     1
 Armour: Skin              ||    33
  Dodge: Dodged            ||    45
  Block: Buckler           ||    18

Table legend: (Time is in decaauts)
 A = Elapsed time spent in this place.
 B = Non-inter-level travel time spent in this place.
 C = Inter-level travel time spent in this place.
 D = Time resting spent in this place.
 E = Time spent auto-exploring this place.
 F = Levels seen in this place.
 G = Mean time per level.
                   A        B        C        D        E       F      G
               +--------+--------+--------+--------+--------+-----+--------+
         Total |   1179 |   1171 |      8 |    158 |    774 |   2 |  589.5 |
       Dungeon |   1179 |   1171 |      8 |    158 |    774 |   2 |  589.5 |
               +--------+--------+--------+--------+--------+-----+--------+

Top non-repeatable levels by time:
     D:1: 1116 daAuts
     D:2: 63 daAuts
